 Dungeon Crawl Stone Soup version 0.26-a0-651-gb41185065b (webtiles) character file.

Game seed: 15655530021814337077

3149 Apogee the Cleaver (level 9, -10/81 HPs)
             Began as a Hill Orc Fighter on Oct 12, 2020.
             Was a Follower of Beogh.
             Mangled by a two-headed ogre
             ... wielding a +0 dire flail
              (22 damage)
             ... on level 7 of the Dungeon.
             The game lasted 00:10:26 (7210 turns).

Apogee the Cleaver (Hill Orc Fighter)               Turns: 7210, Time: 00:10:26

Health: -10/81     AC: 12    Str: 20    XL:     9   Next: 93%
Magic:  9/9        EV:  5    Int: 10    God:    Beogh [*.....]
Gold:   332        SH:  9    Dex: 10    Spells: 8/8 levels left

rFire    . . .     SeeInvis .   a - +0 war axe
rCold    . . .     Faith    .   c - +0 kite shield
rNeg     . . .     Spirit   .   w - +0 chain mail
rPois    .         Reflect  .   (no helmet)
rElec    .         Harm     .   (no cloak)
rCorr    .         Rampage  .   z - +0 pair of gloves
MR       .....                  E - +0 pair of boots
Stlth    ..........             e - amulet of regeneration
HPRegen  0.63/turn              (no ring)
MPRegen  0.11/turn              C - ring of wizardry

@: hasted, heavily drained, very quick
A: no striking features
a: Renounce Religion


You were on level 7 of the Dungeon.
You worshipped Beogh.
Beogh was aware of your devotion.
You visited 1 branch of the dungeon, and saw 8 of its levels.

You collected 377 gold pieces.
You spent 45 gold pieces at shops.

Inventory:

Hand Weapons
 a - a +0 war axe (weapon)
 F - the +11 longbow of the Moon {freeze, Stlth+}
   (You found it on level 7 of the Dungeon)

   It causes projectiles fired from it to freeze those they strike, causing
   extra injury to most foes and up to half again as much damage against
   particularly susceptible opponents.
   They can also slow down cold-blooded creatures.
   It makes you more stealthy.
Missiles
 l - 36 arrows
 D - a throwing net (quivered) {!f}
Armour
 b - a +0 scale mail
 c - a +0 kite shield (worn)
 k - a scarf of harm
   (You found it on level 1 of the Dungeon)
 w - a +0 chain mail (worn)
   (You found it on level 4 of the Dungeon)
 z - a +0 pair of gloves (worn)
   (You found it on level 1 of the Dungeon)
 E - a +0 pair of boots (worn)
   (You found it on level 7 of the Dungeon)
Jewellery
 e - an amulet of regeneration (around neck)
   (You found it on level 5 of the Dungeon)
 p - an uncursed ring of fire
   (You found it on level 3 of the Dungeon)
 u - an uncursed ring of teleportation
   (You found it on level 4 of the Dungeon)
 C - a ring of wizardry (right hand)
   (You found it on level 6 of the Dungeon)
Wands
 x - a wand of acid (2)
   (You found it on level 5 of the Dungeon)
Scrolls
 d - 3 scrolls of magic mapping
 f - 3 scrolls of teleportation {unknown}
 h - 3 scrolls of remove curse {@r2}
 n - 3 scrolls of enchant weapon {unknown}
 q - a scroll of fog {unknown}
 r - 2 scrolls of enchant armour {unknown}
 s - 2 scrolls of blinking {unknown}
 t - a scroll of amnesia {unknown}
 y - a scroll of fear {unknown}
Potions
 g - a potion of invisibility {unknown}
 i - a potion of ambrosia {unknown}
 j - a potion of magic {unknown}
 m - 2 potions of curing {@q1}
 A - a potion of mutation {unknown}
 B - a potion of cancellation {unknown}
 G - a potion of lignification {!q}


   Skills:
 + Level 8.1(5.5) Fighting
 * Level 11.3(8.5) Axes
 + Level 7.4(4.9) Armour
 + Level 7.4(4.9) Shields


You had 8 spell levels left.
You didn't know any spells.
Your spell library contained the following spells:

 Spells                   Type           Power        Failure   Level
 Beastly Appendage        Tmut           #.....       99%         1
 Wereblood                Tmut           #.......     100%        2
 Spider Form              Tmut/Pois      #.........   100%        3
 Ice Form                 Ice/Tmut       #.......     100%        4
 Blade Hands              Tmut           #.........   100%        5


Dungeon Overview and Level Annotations

Branches:
Dungeon (8/15)             Temple (0/1) D:5
   Lair: D:8-11

Altars:
Yredelemnul

Shops:
D:7 !

Annotations:
D:7 1 runed translucent door, Crazy Yiuf


Message History

Unknown command.
You hit the wight but do no damage.
Unknown command.
The two-headed ogre hits you but does no damage.
The two-headed ogre barely misses you.
You see here a scroll labeled RAROBU KOAXO.
Aim: a wight, wielding a +2 battleaxe of freezing and wearing a +0 robe (almost destroyed)
The bolt of acid hits the two-headed ogre!
The two-headed ogre is splashed with acid.
The bolt of acid misses the wight.
Okay, then.
There is a stone staircase leading down here.
There is a stone staircase leading up here.
You block the two-headed ogre's attack.
The two-headed ogre hits you with a +0 giant club!
You climb upwards.
Level annotation: 1 runed translucent door, Crazy Yiuf
There is a stone staircase leading down here.
The two-headed ogre barely misses you. You block the two-headed ogre's attack.
You slash the two-headed ogre!
The two-headed ogre hits you with a +0 dire flail!
* * * LOW HITPOINT WARNING * * *
You block the two-headed ogre's attack.
You hit the two-headed ogre.
Unknown command.
You slash the two-headed ogre! You block the two-headed ogre's attack.
The two-headed ogre hits you with a +0 giant club!!
* * * LOW HITPOINT WARNING * * *
The two-headed ogre hits you with a +0 dire flail.
* * * LOW HITPOINT WARNING * * *
The two-headed ogre barely misses you.
You feel yourself speed up.
You feel much better.
You hit the two-headed ogre. You block the two-headed ogre's attack.
The two-headed ogre hits you with a +0 giant club.
You hit the two-headed ogre but do no damage.
You hit the two-headed ogre but do no damage.
The two-headed ogre hits you with a +0 dire flail.
* * * LOW HITPOINT WARNING * * *
You block the two-headed ogre's attack.
You slash the two-headed ogre!
The two-headed ogre hits you with a +0 dire flail!!
* * * LOW HITPOINT WARNING * * *
The two-headed ogre hits you with a +0 giant club!
* * * LOW HITPOINT WARNING * * *
You hit the two-headed ogre but do no damage.
You hit the two-headed ogre.
The two-headed ogre hits you but does no damage.
The two-headed ogre hits you with a +0 giant club!!
You die...

#.....#.#..######
#...#.#.#.......#
#...#.#<....###.#
#...#.#.#...# #.#
#...#.#.#.#.# #.#
#...#.#.....# #.#
#...#.#.#######.#
#...#.#......##.#
#...#.#>....@O..#
#####.#.####.#..#############
#.........................
#....####.#..#####.#######
#....# #.##.## #.# # #....#
#.##..####.# # #....#
#.##.......####### ##.#.#
#.###.####.##....# #...#
#.###.## #.##.##.#


You could see a two-headed ogre.

Vanquished Creatures
  Harold (D:7)
  Prince Ribbit (D:6)
  Edmund (D:5)
  Menkaure (D:5)
  Duvessa (D:7)
  An orc warrior (D:6)
  An ice beast (D:7)
  2 ogres
  5 centaurs
  2 bullfrogs
  Dowan (D:7)
  3 scorpions
  5 killer bees (D:7)
  2 wights (D:8)
  A howler monkey (D:5)
  An orc priest (D:3)
  A centaur skeleton (D:5)
  3 iguanas
  4 worker ants
  4 gnolls
  A worker ant zombie (D:7)
  10 adders
  A shadow imp (D:6)
  4 white imps
  2 oozes
  2 leopard geckos
  24 orcs
  4 bats
  6 giant cockroaches
  9 goblins
  3 hobgoblins
  6 jackals
  2 ball pythons
  3 frilled lizards
  6 kobolds
  8 rats
132 creatures vanquished.

Vanquished Creatures (others)
  An orc priest (D:6)
  A worker ant zombie (D:6)
  3 orcs (D:6)
5 creatures vanquished.

Grand Total: 137 creatures vanquished

Notes
Turn   | Place    | Note
-------+----------+-------------------------------------------
     0 | D:1      | Apogee the Hill Orc Fighter began the quest for the Orb.
     0 | D:1      | Reached XP level 1. HP: 19/19 MP: 1/1
    93 | D:1      | Reached skill level 3 in Axes
   211 | D:1      | Reached XP level 2. HP: 26/27 MP: 2/2
   692 | D:2      | Reached XP level 3. HP: 33/33 MP: 3/3
   904 | D:2      | Found a faded altar of an unknown god.
  1065 | D:2      | Reached skill level 4 in Axes
  1176 | D:2      | Reached XP level 4. HP: 36/40 MP: 4/4
  1891 | D:3      | Reached XP level 5. HP: 30/47 MP: 5/5
  2360 | D:4      | Reached skill level 5 in Axes
  2505 | D:4      | Found a basalt altar of Yredelemnul.
  2647 | D:4      | Reached XP level 6. HP: 53/53 MP: 6/6
  3037 | D:5      | Entered Level 5 of the Dungeon
  3048 | D:5      | Reached skill level 6 in Axes
  3236 | D:5      | Reached skill level 5 in Fighting
  3265 | D:5      | Reached XP level 7. HP: 23/61 MP: 7/7
  3480 | D:5      | Noticed Menkaure
  3490 | D:5      | Killed Menkaure
  3585 | D:5      | Reached skill level 5 in Armour
  3589 | D:5      | Noticed Edmund
  3598 | D:5      | Killed Edmund
  3598 | D:5      | Reached skill level 7 in Axes
  3598 | D:5      | Reached skill level 5 in Shields
  4077 | D:5      | Found a staircase to the Ecumenical Temple.
  4255 | D:6      | Reached XP level 8. HP: 51/70 MP: 8/8
  4458 | D:6      | Reached skill level 8 in Axes
  4763 | D:6      | Became a worshipper of Beogh the Brigand
  4923 | D:6      | Noticed Prince Ribbit
  5442 | D:6      | Killed Prince Ribbit
  5442 | D:6      | Reached skill level 9 in Axes
  5873 | D:7      | Noticed Duvessa
  5874 | D:7      | Noticed Dowan
  5882 | D:7      | Killed Duvessa
  5891 | D:7      | Killed Dowan
  5891 | D:7      | Reached XP level 9. HP: 36/79 MP: 9/9
  6121 | D:7      | Noticed Harold
  6344 | D:7      | Reached * piety under Beogh
  6412 | D:7      | Killed Harold
  6412 | D:7      | Reached skill level 10 in Axes
  6640 | D:7      | Got a twisted longbow
  6646 | D:7      | Identified the +11 longbow of the Moon {freeze, Stlth+}
                  | (You found it on level 7 of the Dungeon)
  6733 | D:7      | Found a runed translucent door.
  6734 | D:7      | Noticed Crazy Yiuf
  6826 | D:7      | Reached skill level 11 in Axes
  6954 | D:7      | Found Alous's Distillery.
  6962 | D:7      | Bought a potion of lignification for 45 gold pieces
  7145 | D:8      | Noticed a two-headed ogre
  7210 | D:7      | Mangled by a two-headed ogre

Illustrated notes

Levels and vault maps discovered:
D:1:      evilmike_arrival_rings, layout_rooms
D:2:      layout_loops_ring, chequers_ecumenical_altar_island
D:3:      layout_loops_ring, grunt_ministairs_3,
          corexii_item_surrounded_by_moat, minmay_misc_feat_alley
D:4:      layout_rooms, overflow_temple_1_default, roderic_serpentine_path
D:5:      layout_basic, minmay_temple_entry_glassed_door, minmay_crystal_water,
          minmay_misc_feat_secret_circle, uniq_menkaure, uniq_edmund
D:6:      layout_basic, uniq_prince_ribbit1
D:7:      layout_basic, serial_shops, nicolae_shop_crystal, uniq_duvessa,
          uniq_crazy_yiuf_cottage, uniq_harold
D:8:      layout_cave_pools, serial_shops, shop_fountains

Skill      XL: |  1  2  3  4  5  6  7  8  9 |
---------------+----------------------------+-----
Axes           | 3 4 5 6 7 9 11 | 11.3
Fighting       | 4 5 7 8 |  8.1
Shields        | 4 5 6 7 |  7.4
Armour         | 4 5 6 7 |  7.4

Action                   |  1- 3 |  4- 6 |  7- 9 || total
-------------------------+-------+-------+-------++-------
Melee: War axe           |    92 |   156 |   291 ||   539
Invok: Convert to Beogh  |       |       |     1 ||     1
Evoke: Wand              |       |       |     4 ||     4
  Use: Potion            |       |       |     5 ||     5
       Scroll            |       |       |     8 ||     8
Armor: Scale mail        |    37 |    65 |       ||   102
       Chain mail        |       |     9 |    81 ||    90
Dodge: Dodged            |    18 |    46 |    57 ||   121
Block: Kite shield       |    45 |    61 |   148 ||   254

Table legend: (Time is in decaauts)
 A = Elapsed time spent in this place.
 B = Non-inter-level travel time spent in this place.
 C = Inter-level travel time spent in this place.
 D = Time resting spent in this place.
 E = Time spent auto-exploring this place.
 F = Levels seen in this place.
 G = Mean time per level.
                   A        B        C        D        E       F      G
               +--------+--------+--------+--------+--------+-----+--------+
         Total |   7311 |   6996 |    315 |    643 |   5099 |   8 |  913.9 |
       Dungeon |   7311 |   6996 |    315 |    643 |   5099 |   8 |  913.9 |
               +--------+--------+--------+--------+--------+-----+--------+

Top non-repeatable levels by time:
     D:6: 1721 daAuts
     D:5: 1291 daAuts
     D:7: 1074 daAuts
     D:3: 921 daAuts
     D:4: 764 daAuts
     D:2: 726 daAuts
     D:1: 705 daAuts
     D:8: 105 daAuts
